AoeStats
← 86969829

Arabia

507061230Analyzed
1v1 RM · 16d ago on Sep 16, 2026· 30m 18s· 2 players
Game mode
Random Map
Map size
Tiny (2 player)
Population
200
Speed
Normal
Resources
Standard
Victory
Conquest
Starting age
Dark Age
Ending age
Imperial Age
RankedLock teamsTeams togetherTeam positionsShared explorationLock speedFull tech treeHidden civsTurbo modeCheats
Victory
Defeat
🇦🇷 Khmer · Argentina
959
+17
🇨🇳 Franks · China
983
-17
SRBN
7:48 Loom
9:17 Loom
11:02 Feudal Age
11:58 Double-Bit Axe
11:54 Horse Collar
14:39 Forging
14:34 Scale Barding Armor
23:07 Castle Age
21:38 Bloodlines
23:53 Husbandry
23:13 Light Cavalry
26:51 Chain Barding Armor
27:38 Iron Casting
86969829
11:02 Feudal Age
11:24 Loom
11:08 Man-at-Arms
23:08 Castle Age
23:10 Scale Barding Armor
23:16 Forging
23:13 Padded Archer Armor
23:06 Double-Bit Axe
23:38 Fletching
27:39 Chain Barding Armor
27:16 Stone Mining
27:17 Gold Mining
28:14 Bow Saw
30:50 Iron Casting
Connection lost

Rejoining the realm…

Still unreachable

The connection could not be restored.

Session expired

The server has moved on; the page needs a fresh start.